BLB
SEATTLE PILOTS @ WASHINGTON BATS
08/15/2059
 
TOP OF THE 1ST
Seattle Pilots batting - Pitching for Washington Bats : RHP Collin Jackson
Pitching: RHP Collin Jackson
Batting: RHB Rice Mesyan 0-0: Ball
1-0: Ball
2-0: Called Strike
2-1: Fly out, F8 (Line Drive, 8RD, EV 91.2 MPH)
Batting: RHB Douglas Morrison 0-0: Called Strike
0-1: Called Strike
0-2: Ball
1-2: Strikes out looking
Batting: LHB Cade McCormick 0-0: Ground out 4-3 (Groundball, 4, EV 105.0 MPH)
Top of the 1st over - 0 runs, 0 hits, 0 errors, 0 left on base; Seattle 0 - Washington 0
BOTTOM OF THE 1ST
Washington Bats batting - Pitching for Seattle Pilots : RHP B.B. Trynkov
Pitching: RHP B.B. Trynkov
Batting: RHB Julian Ludin 0-0: Called Strike
0-1: Foul Ball, location: 2F
0-2: Ground out 6-3 (Groundball, 6, EV 104.4 MPH)
Batting: RHB Hayden Jones 0-0: Called Strike
0-1: Ball
1-1: Swinging Strike
1-2: Ball
2-2: Strikes out swinging
Batting: LHB Greg Selser 0-0: Called Strike
0-1: Swinging Strike
0-2: Ball
1-2: Foul Ball, location: 2F
1-2: Ball
2-2: Foul Ball, location: 2F
2-2: Foul Ball, location: 2F
2-2: Fly out, F8 (Flyball, 89S, EV 91.9 MPH)
Bottom of the 1st over - 0 runs, 0 hits, 0 errors, 0 left on base; Seattle 0 - Washington 0
TOP OF THE 2ND
Seattle Pilots batting - Pitching for Washington Bats : RHP Collin Jackson
Batting: LHB Ryan Carr 0-0: Ball
1-0: Called Strike
1-1: Ball
2-1: Ground out 4-3 (Groundball, 34, EV 105.6 MPH)
Batting: RHB Cole Kleiner 0-0: Called Strike
0-1: Foul Ball, location: 2F
0-2: Ball
1-2: Strikes out swinging, 2-3 out at first.
Batting: RHB Beau Pruett 0-0: Ball
1-0: Foul Ball, location: 2F
1-1: Foul Ball, location: 2F
1-2: Strikes out swinging
Top of the 2nd over - 0 runs, 0 hits, 0 errors, 0 left on base; Seattle 0 - Washington 0
BOTTOM OF THE 2ND
Washington Bats batting - Pitching for Seattle Pilots : RHP B.B. Trynkov
Batting: RHB Parker Lee 0-0: Ball
1-0: Ball
2-0: Ball
3-0: Called Strike
3-1: Foul Ball, location: 2F
3-2: Base on Balls
Batting: RHB Neall Rabah 0-0: Called Strike
0-1: Called Strike
0-2: Ball
1-2: Foul Ball, location: 2F
1-2: Foul Ball, location: 2F
1-2: Strikes out swinging
Batting: SHB Josiah White 0-0: Called Strike
0-1: Swinging Strike
0-2: Ball
1-2: Ball
2-2: Strikes out looking
Batting: RHB Louis Hockney 0-0: Called Strike
0-1: Reached on error, E6 (Groundball, 6, EV 100.0 MPH)
Parker Lee to second
Batting: RHB Owen Dooley 0-0: Called Strike
0-1: Ball
1-1: Swinging Strike
1-2: Strikes out looking
Bottom of the 2nd over - 0 runs, 0 hits, 1 error, 2 left on base; Seattle 0 - Washington 0
TOP OF THE 3RD
Seattle Pilots batting - Pitching for Washington Bats : RHP Collin Jackson
Batting: RHB Dalton Howland 0-0: Foul Ball, location: 2F
0-1: Called Strike
0-2: Foul Ball, location: 2F
0-2: Ball
1-2: Fly out, F7 (Flyball, 78D, EV 100.0 MPH)
Batting: LHB Joseph Brandon 0-0: Ball
1-0: Ball
2-0: Swinging Strike
2-1: Called Strike
2-2: Strikes out swinging
Batting: RHB Kynan Shaw 0-0: Called Strike
0-1: Swinging Strike
0-2: Ball
1-2: Strikes out swinging
Top of the 3rd over - 0 runs, 0 hits, 0 errors, 0 left on base; Seattle 0 - Washington 0
BOTTOM OF THE 3RD
Washington Bats batting - Pitching for Seattle Pilots : RHP B.B. Trynkov
Batting: RHB Sean McReynolds 0-0: Called Strike
0-1: Swinging Strike
0-2: Ground out 6-3 (Groundball, P, EV 84.4 MPH)
Batting: RHB Julian Ludin 0-0: Called Strike
0-1: Foul Ball, location: 2F
0-2: Strikes out looking
Batting: RHB Hayden Jones 0-0: Foul Ball, location: 2F
0-1: Ball
1-1: Ball
2-1: Ground out 6-3 (Groundball, 6, EV 100.0 MPH)
Bottom of the 3rd over - 0 runs, 0 hits, 0 errors, 0 left on base; Seattle 0 - Washington 0
TOP OF THE 4TH
Seattle Pilots batting - Pitching for Washington Bats : RHP Collin Jackson
Batting: RHB Rice Mesyan 0-0: Foul Ball, location: 2F
0-1: Ground out 6-3 (Groundball, 6, EV 108.1 MPH)
Batting: RHB Douglas Morrison 0-0: Called Strike
0-1: Ball
1-1: Ball
2-1: Ball
3-1: Called Strike
3-2: Strikes out swinging
Batting: LHB Cade McCormick 0-0: Fly out, F4 (Line Drive, 34, EV 72.5 MPH)
Top of the 4th over - 0 runs, 0 hits, 0 errors, 0 left on base; Seattle 0 - Washington 0
BOTTOM OF THE 4TH
Washington Bats batting - Pitching for Seattle Pilots : RHP B.B. Trynkov
Batting: LHB Greg Selser 0-0: Called Strike
0-1: Fly out, F7 (Flyball, 7S, EV 95.0 MPH)
Batting: RHB Parker Lee 0-0: Foul Ball, location: 2F
0-1: Swinging Strike
0-2: Strikes out swinging
Batting: RHB Neall Rabah 0-0: Called Strike
0-1: Ball
1-1: Ball
2-1: Ground out 6-3 (Groundball, 56, EV 103.1 MPH)
Bottom of the 4th over - 0 runs, 0 hits, 0 errors, 0 left on base; Seattle 0 - Washington 0
TOP OF THE 5TH
Seattle Pilots batting - Pitching for Washington Bats : RHP Collin Jackson
Batting: LHB Ryan Carr 0-0: Called Strike
0-1: Fly out, F9 (Line Drive, 89M, EV 86.2 MPH)
Batting: RHB Cole Kleiner 0-0: Called Strike
0-1: Ball
1-1: Ball
2-1: Ground out 4-3 (Groundball, 4, EV 87.5 MPH)
Batting: RHB Beau Pruett 0-0: Ball
1-0: Ball
2-0: Foul Ball, location: 2F
2-1: Foul Ball, location: 2F
2-2: Ground out 6-3 (Groundball, 6, EV 83.8 MPH)
Top of the 5th over - 0 runs, 0 hits, 0 errors, 0 left on base; Seattle 0 - Washington 0
BOTTOM OF THE 5TH
Washington Bats batting - Pitching for Seattle Pilots : RHP B.B. Trynkov
Batting: SHB Josiah White 0-0: Ball
1-0: Ball
2-0: Ball
3-0: Base on Balls
Batting: RHB Louis Hockney 0-0: Called Strike
0-1: Ball
1-1: Sac Bunt to 13 - play at first, batter OUT! 1-3
Josiah White to second
Batting: RHB Owen Dooley 0-0: Swinging Strike
0-1: Ball
1-1: Fly out, F7 (Flyball, 7, EV 96.2 MPH)
Batting: RHB Sean McReynolds 0-0: Foul Ball, location: 2F
0-1: Called Strike
0-2: Strikes out swinging
Bottom of the 5th over - 0 runs, 0 hits, 0 errors, 1 left on base; Seattle 0 - Washington 0
TOP OF THE 6TH
Seattle Pilots batting - Pitching for Washington Bats : RHP Collin Jackson
Batting: RHB Dalton Howland 0-0: Foul Ball, location: 2F
0-1: Called Strike
0-2: Ball
1-2: Strikes out looking
Batting: LHB Joseph Brandon 0-0: Ball
1-0: Foul Ball, location: 2F
1-1: Foul Ball, location: 2F
1-2: DOUBLE (Flyball, 78D, EV 103.8 MPH)
Batting: RHB Kynan Shaw 0-0: Ball
1-0: Called Strike
1-1: Ball
2-1: Foul Ball, location: 2F
2-2: Foul Ball, location: 2F
2-2: Foul Ball, location: 2F
2-2: Ball
3-2: Ground out 6-3 (Groundball, 6, EV 84.4 MPH)
Joseph Brandon to third
Batting: RHB Rice Mesyan 0-0: Foul Ball, location: 2F
0-1: Swinging Strike
0-2: Ball
1-2: Fly out, F7 (Flyball, 7, EV 88.8 MPH)
Top of the 6th over - 0 runs, 1 hit, 0 errors, 1 left on base; Seattle 0 - Washington 0
BOTTOM OF THE 6TH
Washington Bats batting - Pitching for Seattle Pilots : RHP B.B. Trynkov
Batting: RHB Julian Ludin 0-0: Called Strike
0-1: Called Strike
0-2: Foul Ball, location: 2F
0-2: Ground out 5-3 (Groundball, 15, EV 93.1 MPH)
Batting: RHB Hayden Jones 0-0: Foul Ball, location: 2F
0-1: Ball
1-1: Foul Ball, location: 2F
1-2: Ball
2-2: Fly out, F2 (Popup, 13S, EV 85.6 MPH)
Batting: LHB Greg Selser 0-0: Fly out, F3 (Popup, 3F, EV 65.6 MPH)
Bottom of the 6th over - 0 runs, 0 hits, 0 errors, 0 left on base; Seattle 0 - Washington 0
TOP OF THE 7TH
Seattle Pilots batting - Pitching for Washington Bats : RHP Collin Jackson
Batting: RHB Douglas Morrison 0-0: Ball
1-0: Called Strike
1-1: Swinging Strike
1-2: Ground out 6-3 (Groundball, 6, EV 100.0 MPH)
Batting: LHB Cade McCormick 0-0: Swinging Strike
0-1: Ball
1-1: Ball
2-1: Ball
3-1: Base on Balls
Batting: LHB Ryan Carr 0-0: Foul Ball, location: 2F
0-1: Ball
1-1: Grounds into double play, 4-6-3 (Groundball, 4, EV 106.9 MPH)
Top of the 7th over - 0 runs, 0 hits, 0 errors, 0 left on base; Seattle 0 - Washington 0
BOTTOM OF THE 7TH
Washington Bats batting - Pitching for Seattle Pilots : RHP B.B. Trynkov
Batting: RHB Parker Lee 0-0: Swinging Strike
0-1: Ball
1-1: Foul Ball, location: 2F
1-2: Strikes out swinging
Batting: RHB Neall Rabah 0-0: Swinging Strike
0-1: Called Strike
0-2: SOLO HOME RUN (Flyball, 8RXD, EV 106.2 MPH), Distance : 412 ft
Batting: SHB Josiah White 0-0: Swinging Strike
0-1: Foul Ball, location: 2F
0-2: Ball
1-2: Foul Ball, location: 2F
1-2: Ball
2-2: SINGLE (Flyball, 8LS, EV 88.1 MPH)
Batting: RHB Louis Hockney 0-0: Called Strike
0-1: Ball
1-1: Ball
Josiah White steals 2nd base
2-1: TRIPLE (Line Drive, 8LXD, EV 105.6 MPH)
Josiah White scores
Batting: RHB Owen Dooley 0-0: Ball
1-0: Ball
2-0: Ball
3-0: Base on Balls
Batting: RHB Sean McReynolds 0-0: Ball
1-0: Ball
Pickoff Throw to First - Error! E1
Louis Hockney scores
Owen Dooley to second
2-0: Ball
3-0: Foul Ball, location: 2F
3-1: DOUBLE (Line Drive, 5D, EV 95.0 MPH)
Owen Dooley scores
Batting: RHB Julian Ludin 0-0: Called Strike
0-1: Foul Ball, location: 2F
0-2: Foul Ball, location: 2F
0-2: Ball
1-2: Foul Ball, location: 2F
1-2: Ground out 4-3 (Groundball, 4MS, EV 69.4 MPH)
Sean McReynolds to third
Pitching: LHP Daniel Travis
Batting: RHB Hayden Jones 0-0: Ball
1-0: SINGLE (Line Drive, 6D, EV 103.8 MPH)
Sean McReynolds scores
Batting: LHB Greg Selser 0-0: Foul Ball, location: 2F
0-1: Swinging Strike
0-2: Ball
1-2: Ball
2-2: Ground out 4-3 (Groundball, 4S, EV 89.4 MPH)
Bottom of the 7th over - 5 runs, 5 hits, 1 error, 1 left on base; Seattle 0 - Washington 5
TOP OF THE 8TH
Seattle Pilots batting - Pitching for Washington Bats : RHP Collin Jackson
Batting: RHB Cole Kleiner 0-0: Foul Ball, location: 2F
0-1: Swinging Strike
0-2: Strikes out swinging
Pitching: RHP Jeremy Jackson
Batting: RHB Beau Pruett 0-0: Hit by Pitch
Batting: RHB Dalton Howland 0-0: Ball
1-0: Ball
2-0: Grounds into double play, 3-6-3 (Groundball, 3S, EV 87.5 MPH)
Top of the 8th over - 0 runs, 0 hits, 0 errors, 0 left on base; Seattle 0 - Washington 5
BOTTOM OF THE 8TH
Washington Bats batting - Pitching for Seattle Pilots : LHP Daniel Travis
Batting: RHB Parker Lee 0-0: Ball
1-0: Called Strike
1-1: Called Strike
1-2: Strikes out looking
Batting: RHB Neall Rabah 0-0: Swinging Strike
0-1: Ball
1-1: Ball
2-1: Ball
3-1: Called Strike
3-2: Strikes out swinging
Batting: SHB Josiah White 0-0: Ground out 6-3 (Groundball, 56, EV 101.9 MPH)
Bottom of the 8th over - 0 runs, 0 hits, 0 errors, 0 left on base; Seattle 0 - Washington 5
TOP OF THE 9TH
Seattle Pilots batting - Pitching for Washington Bats : RHP Jeremy Jackson
Batting: LHB Joseph Brandon 0-0: Ball
1-0: Ball
2-0: Foul Ball, location: 2F
2-1: Foul Ball, location: 2F
2-2: Ground out 3-1 (Groundball, 34, EV 86.9 MPH)
Batting: RHB Kynan Shaw 0-0: Ball
1-0: Ball
2-0: Called Strike
2-1: Called Strike
2-2: Strikes out swinging
Batting: RHB Rice Mesyan 0-0: Foul Ball, location: 2F
0-1: Ball
1-1: Ball
2-1: Ground out 5-3 (Groundball, 5L, EV 90.6 MPH)
Top of the 9th over - 0 runs, 0 hits, 0 errors, 0 left on base; Seattle 0 - Washington 5
Saturday, March 23rd , 2024 - OOTP Baseball 23.10 Build 110